[Event "42nd Olympiad Baku 2016 Open"]
[Site "Baku"]
[Date "2016.09.03"]
[Round "2.32"]
[White "Mikheev, Stanislav"]
[Black "Esen, Baris"]
[Result "0-1"]
[ECO "A77"]
[WhiteElo "2283"]
[BlackElo "2524"]
[Annotator ""]
[PlyCount "82"]
[EventDate "2016.??.??"]
[EventCountry "AZE"]
[SourceTitle "playchess.com"]
[Source "ChessBase"]
[WhiteTeam "IPCA"]
[BlackTeam "Turkey"]
[WhiteTeamCountry "RUS"]
[BlackTeamCountry "TUR"]
[TimeControl "40/5400+30:1800+30"]

1. d4 {(01:25)} Nf6 {(00:00)} 2. c4 {(00:15)} e6 {(
00:06)} 3. Nf3 {(00:23)} c5 {(00:14)} 4. d5 {(00:32)} d6 {
(00:20)} 5. Nc3 {(00:30)} exd5 {(00:13)} 6. cxd5 {(
00:10)} g6 {(00:16)} 7. e4 {(00:23)} Bg7 {(00:47)} 8. Be2
{(00:24)} O-O {(01:33)} 9. O-O {(00:06)} Re8 {(02:
19)} 10. Nd2 {(00:12)} a6 {(06:00)} 11. a4 {(00:17)} Nbd7
{(00:05)} 12. Qc2 {(00:46)} Ne5 {(04:54)} 13. h3 {(
07:42)} g5 {(06:00)} 14. Ra3 {(05:29)} Ng6 {(02:37)} 15.
Nc4 {(01:46)} h6 {(06:47)} 16. a5 {(08:09)} Qe7 {(
00:14)} 17. Rb3 {(04:43)} Nd7 {(13:22)} 18. Bg4 {(03:24)}
Nde5 {(00:25)} 19. Bxc8 {(09:01)} Raxc8 {(00:07)} 20. Ne3
{(00:29)} Nh4 {(00:46)} 21. Ne2 {(04:56)} Qd7 {(14:
17)} 22. Ng3 {(07:14)} Nef3+ {(11:09)} 23. gxf3 {(00:12)}
Qxh3 {(10:56)} 24. Qe2 {(01:56)} Bd4 {(00:13)} 25. Rxb7 {
(09:28)} g4 {(11:24)} 26. fxg4 {(00:21)} Bxe3 {(00:
07)} 27. fxe3 {(00:15)} Qxg3+ {(00:04)} 28. Kh1 {(00:03)}
Qh3+ {(00:28)} 29. Kg1 {(00:07)} Rxe4 {(00:53)} 30. Rf4 {
(09:44)} Qg3+ {(00:06)} 31. Kf1 {(00:06)} Rxf4+ {(
00:05)} 32. exf4 {(00:04)} Nf3 {(00:07)} 33. Qe3 {(02:03)}
Nh2+ {(01:46)} 34. Ke2 {(00:01)} Qg2+ {(00:07)} 35. Ke1 {
(00:44)} Nf3+ {(04:23)} 36. Kd1 {(00:02)} Nd4 {(00:
25)} 37. Re7 {(05:23)} Qxg4+ {(01:06)} 38. Kd2 {(00:03)}
Qg2+ {(01:29)} 39. Kd1 {(00:19)} Qc2+ {(01:46)} 40. Ke1 {
(00:00)} Nf5 {(00:00)} 41. Re8+ {(03:13)} Kh7 {(01:
06)} 0-1

[Event "42nd Olympiad Baku 2016 Open"]
[Site "Baku"]
[Date "2016.09.03"]
[Round "2.8"]
[White "Min, Po-Yen"]
[Black "Demosthenous, Andreas"]
[Result "1-0"]
[ECO "A65"]
[WhiteElo "1842"]
[BlackElo "1983"]
[Annotator ""]
[PlyCount "77"]
[EventDate "2016.??.??"]
[EventCountry "AZE"]
[SourceTitle "playchess.com"]
[Source "ChessBase"]
[WhiteTeam "Taiwan"]
[BlackTeam "Cyprus"]
[WhiteTeamCountry "TPE"]
[BlackTeamCountry "CYP"]
[TimeControl "40/5400+30:1800+30"]

1. d4 {(00:00)} Nf6 {(00:00)} 2. c4 {(00:00)} c5 {(
00:00)} 3. d5 {(00:00)} e6 {(00:00)} 4. Nc3 {(00:19)} exd5
{(00:06)} 5. cxd5 {(00:09)} d6 {(00:10)} 6. e4 {(
00:23)} g6 {(00:09)} 7. Bd3 {(01:17)} Bg7 {(00:14)} 8. h3
{(01:13)} O-O {(00:24)} 9. Nge2 {(02:07)} Re8 {(02:
26)} 10. Ng3 {(00:58)} Nbd7 {(04:46)} 11. O-O {(00:43)} h5
{(03:17)} 12. Re1 {(05:05)} a6 {(19:01)} 13. a4 {(
02:08)} Qc7 {(22:32)} 14. Qc2 {(09:43)} Rb8 {(10:58)} 15.
a5 {(16:25)} Re7 {(01:30)} 16. Bf1 {(06:04)} b6 {(
05:55)} 17. axb6 {(01:28)} Nxb6 {(00:26)} 18. Bg5 {(04:15]
} Re8 {(03:54)} 19. Red1 {(19:01)} Nfd7 {(06:58)} 20. Bxa6
{(04:35)} Bxa6 {(06:06)} 21. Rxa6 {(00:02)} Nc4 {(
01:07)} 22. Ra2 {(07:07)} Rb4 {(01:53)} 23. Rb1 {(10:33)}
Reb8 {(01:24)} 24. Nge2 {(02:37)} Na5 {(04:06)} 25. Ra4 {
(02:22)} R8b7 {(02:00)} 26. Bd2 {(01:27)} Nb3 {(01:
46)} 27. Be1 {(02:04)} Nd4 {(00:50)} 28. Qd1 {(00:55)}
Rxb2 {(00:31)} 29. Rxb2 {(00:40)} Rxb2 {(00:02)} 30. Nxd4
{(00:20)} cxd4 {(00:30)} 31. Ne2 {(00:28)} Nb6 {(
01:47)} 32. Rb4 {(00:04)} Rxb4 {(00:37)} 33. Bxb4 {(00:02]
} Qc4 {(00:23)} 34. Bxd6 {(00:46)} Na4 {(00:40)} 35. Nf4 {
(01:33)} Nb2 {(00:26)} 36. Qd2 {(00:20)} d3 {(00:
26)} 37. Bb4 {(00:43)} Qc2 {(00:37)} 38. d6 {(00:18)} Nc4
{(00:32)} 39. Qxd3 {(00:29)} 1-0

[Event "42nd Olympiad Baku 2016 Open"]
[Site "Baku"]
[Date "2016.09.03"]
[Round "2.15"]
[White "Mlawa, Hemed"]
[Black "Forbes, Garry"]
[Result "1/2-1/2"]
[ECO "E91"]
[WhiteElo "1782"]
[BlackElo "1911"]
[Annotator ""]
[PlyCount "98"]
[EventDate "2016.??.??"]
[EventCountry "AZE"]
[SourceTitle "playchess.com"]
[Source "ChessBase"]
[WhiteTeam "Tanzania"]
[BlackTeam "Channel Islands"]
[WhiteTeamCountry "TAN"]
[BlackTeamCountry "JCI"]
[TimeControl "40/5400+30:1800+30"]

1. d4 g6 2. c4 Bg7 3. Nc3 d6 4. e4 Nf6 5. Be2 O-O 6. Nf3 Bg4 7. h3 Bxf3 8. Bxf3
Nfd7 9. Bg5 c5 10. d5 Na6 11. O-O Nc7 12. Qd2 a6 13. a4 b6 14. Bh6 Re8 15. Rad1
Rb8 16. Bxg7 Kxg7 17. Be2 Nf6 {(35:49)} 18. f4 {(35:50)} Nd7 {
(21:28)} 19. Qd3 {(13:15)} Rf8 {(09:34)} 20. Qe3 {(
10:19)} f6 {(03:53)} 21. h4 {(07:44)} h6 {(04:52)} 22. Qg3
{(04:16)} Kh7 {(01:31)} 23. Bd3 {(01:23)} h5 {(09:
56)} 24. Rfe1 {(05:56)} Rg8 {(02:20)} 25. Re3 {(06:04)}
Qf8 {(03:13)} 26. Qh3 {(02:39)} Rd8 {(00:25)} 27. Kf2 {
(01:05)} Qf7 {(01:03)} 28. Rde1 {(03:17)} Rg7 {(03:
34)} 29. Ne2 {(01:37)} Rgg8 {(03:55)} 30. Kg1 {(01:39)}
Rg7 {(00:53)} 31. Kh1 {(00:15)} Rgg8 {(00:04)} 32. Ng1 {
(00:17)} Rg7 {(00:04)} 33. Nf3 {(00:11)} Qg8 {(02:
39)} 34. e5 {(00:45)} f5 {(00:42)} 35. Ng5+ {(02:13)} Kh6
{(00:38)} 36. e6 {(00:03)} Nf6 {(00:33)} 37. Nf7+ {
(00:12)} Kh7 {(00:19)} 38. Nxd8 {(01:59)} Qxd8 {(
00:01)} 39. Ra1 {(02:09)} Ng4 {(00:30)} 40. Re2 {(00:00)}
Ne8 {(00:00)} 41. Bc2 {(01:46)} a5 {(03:44)} 42. Qb3 {
(00:37)} Qb8 {(06:50)} 43. Qb5 {(01:58)} Nc7 {(00:
05)} 44. Qc6 {(07:35)} Na6 {(01:11)} 45. Ra3 {(03:03)} Nb4
{(02:55)} 46. Qb5 {(02:03)} Qa7 {(05:40)} 47. Rb3 {
(02:27)} Qc7 {(03:28)} 48. Qd7 {(06:48)} Qb8 {(00:
06)} 49. Qb5 {(00:14)} Qc7 {(01:08)} 1/2-1/2

[Event "42nd Olympiad Baku 2016 Open"]
[Site "Baku"]
[Date "2016.09.03"]
[Round "2.33"]
[White "Sayed Hassan, Mohamed"]
[Black "Gemy, Jose Daniel"]
[Result "0-1"]
[ECO "C50"]
[WhiteElo "2219"]
[BlackElo "2384"]
[Annotator ""]
[PlyCount "90"]
[EventDate "2016.??.??"]
[EventCountry "AZE"]
[SourceTitle "playchess.com"]
[Source "ChessBase"]
[WhiteTeam "MDV"]
[BlackTeam "BOL"]
[WhiteTeamCountry "EGY"]
[BlackTeamCountry "BOL"]
[TimeControl "40/5400+30:1800+30"]

1. e4 {(00:00)} e5 {(00:00)} 2. Nf3 {(00:00)} Nc6 {
(00:05)} 3. Bc4 {(00:33)} Bc5 {(00:06)} 4. d3 {(00:
24)} Nf6 {(00:09)} 5. Nc3 {(00:30)} a6 {(00:17)} 6. a3 {
(01:15)} d6 {(00:14)} 7. Be3 {(00:57)} Nd4 {(02:50]
} 8. h3 {(00:40)} Be6 {(01:16)} 9. O-O {(02:46)} Qd7 {
(03:56)} 10. Kh2 {(06:03)} h6 {(01:17)} 11. b4 {(
00:54)} Ba7 {(00:10)} 12. Bxd4 {(02:28)} exd4 {(00:22)}
13. Bxe6 {(05:46)} fxe6 {(00:26)} 14. Ne2 {(02:41)} e5 {
(00:29)} 15. Nh4 {(01:14)} g5 {(02:53)} 16. Nf5 {(
00:24)} O-O-O {(00:34)} 17. Qd2 {(00:58)} Rdg8 {(02:50)}
18. a4 {(00:34)} Bb6 {(04:35)} 19. a5 {(04:42)} Ba7 {
(03:07)} 20. Rab1 {(02:04)} d5 {(14:03)} 21. f3 {(
00:42)} c6 {(02:32)} 22. Rb2 {(01:55)} h5 {(00:23)} 23.
Rfb1 {(06:59)} g4 {(08:56)} 24. b5 {(04:21)} cxb5 {
(03:19)} 25. Rxb5 {(05:05)} axb5 {(00:21)} 26. Rxb5 {
(00:07)} gxf3 {(00:15)} 27. gxf3 {(00:58)} dxe4 {(
02:42)} 28. fxe4 {(02:23)} Kb8 {(06:56)} 29. Qb4 {(01:22)}
Ka8 {(00:10)} 30. a6 {(06:53)} bxa6 {(01:19)} 31. Ra5 {
(01:30)} Rg6 {(14:17)} 32. Kh1 {(02:10)} Qb7 {(15:
13)} 33. Qxb7+ {(01:05)} Kxb7 {(00:04)} 34. Nd6+ {(00:30)}
Ka8 {(00:59)} 35. Nf7 {(01:53)} Re8 {(02:50)} 36. Rxa6 {
(01:33)} Rg7 {(02:36)} 37. Nh6 {(02:15)} Ng8 {(00:
39)} 38. Nf5 {(00:13)} Rc7 {(00:05)} 39. Neg3 {(08:59)}
Rxc2 {(00:45)} 40. Nxh5 {(00:00)} Ne7 {(00:00)} 41. Nhg7 {
(08:31)} Rb8 {(01:10)} 42. Ra1 {(00:40)} Ng6 {(00:
13)} 43. Ne6 {(02:26)} Rbb2 {(00:48)} 44. Nd6 {(03:56)}
Nh4 {(01:02)} 45. Kg1 {(01:52)} Nf3+ {(00:04)} 0-1

[Event "42nd Olympiad Baku 2016 Open"]
[Site "Baku"]
[Date "2016.09.03"]
[Round "2.30"]
[White "Mohammed, Zozek Salah Mohamme"]
[Black "Espirito Santo, Waldyr"]
[Result "1-0"]
[ECO "E85"]
[WhiteElo "2251"]
[BlackElo "1915"]
[Annotator ""]
[PlyCount "63"]
[EventDate "2016.??.??"]
[EventCountry "AZE"]
[SourceTitle "playchess.com"]
[Source "ChessBase"]
[WhiteTeam "Iraq"]
[BlackTeam "STP"]
[WhiteTeamCountry "IRQ"]
[TimeControl "40/5400+30:1800+30"]

1. d4 {(00:00)} Nf6 {(00:00)} 2. c4 {(00:00)} g6 {(
00:06)} 3. Nc3 {(00:00)} Bg7 {(00:13)} 4. e4 {(02:41)} d6
{(00:30)} 5. f3 {(00:27)} O-O {(01:00)} 6. Be3 {(
00:03)} e5 {(01:41)} 7. Nge2 {(00:12)} Nc6 {(00:43)} 8. d5
{(00:32)} Ne7 {(00:37)} 9. g4 {(01:37)} c6 {(12:43]
} 10. Qd2 {(01:13)} cxd5 {(04:29)} 11. cxd5 {(00:10)} Kh8
{(22:24)} 12. h4 {(08:38)} Bxg4 {(11:54)} 13. fxg4 {
(00:48)} Nxg4 {(00:04)} 14. h5 {(04:03)} Nxe3 {(01:
56)} 15. Qxe3 {(00:03)} Bf6 {(06:21)} 16. hxg6 {(05:01)}
fxg6 {(00:43)} 17. Qh6 {(00:18)} Rf7 {(01:04)} 18. O-O-O {
(06:34)} Nxd5 {(07:19)} 19. Qxg6 {(02:29)} Rg7 {(
00:33)} 20. Qh5 {(00:21)} Ne3 {(00:30)} 21. Rd3 {(02:14)}
Bg5 {(00:56)} 22. Kb1 {(00:53)} Nc4 {(04:06)} 23. Ng3 {
(07:38)} Qb6 {(02:23)} 24. Qe2 {(02:42)} Rc8 {(02:
41)} 25. Bh3 {(03:13)} Rc6 {(03:17)} 26. Be6 {(02:18)}
Rgc7 {(04:50)} 27. Bxc4 {(00:29)} Rxc4 {(00:49)} 28. Qh5 {
(01:20)} Rg7 {(05:57)} 29. Nf5 {(01:27)} Rb4 {(01:
43)} 30. Qe8+ {(01:35)} Rg8 {(00:22)} 31. Rxh7+ {(00:17)}
Kxh7 {(01:47)} 32. Qh5+ {(00:13)} 1-0

[Event "42nd Olympiad Baku 2016 Open"]
[Site "Baku"]
[Date "2016.09.03"]
[Round "2.13"]
[White "Mohamud Hussein Ali"]
[Black "Elarbi, Abobker"]
[Result "0-1"]
[ECO "C97"]
[WhiteElo "1606"]
[BlackElo "2297"]
[Annotator ""]
[PlyCount "90"]
[EventDate "2016.??.??"]
[EventCountry "AZE"]
[SourceTitle "playchess.com"]
[Source "ChessBase"]
[WhiteTeam "Somalia"]
[BlackTeam "Libya"]
[WhiteTeamCountry "SOM"]
[BlackTeamCountry "LBY"]
[TimeControl "40/5400+30:1800+30"]

1. e4 {(00:00)} e5 {(00:00)} 2. Nf3 {(00:00)} Nc6 {
(00:09)} 3. Bb5 {(00:00)} a6 {(01:33)} 4. Ba4 {(00:
00)} Nf6 {(00:15)} 5. O-O {(00:14)} d6 {(01:02)} 6. Re1 {
(01:18)} b5 {(04:06)} 7. Bb3 {(00:07)} Be7 {(00:09]
} 8. c3 {(01:57)} O-O {(00:48)} 9. h3 {(00:09)} Na5 {
(07:16)} 10. Bc2 {(00:19)} c5 {(00:01)} 11. d4 {(
01:03)} Qc7 {(00:33)} 12. dxc5 {(03:09)} dxc5 {(00:16)}
13. Bg5 {(05:06)} h6 {(03:19)} 14. Bxf6 {(01:15)} Bxf6 {
(00:10)} 15. Nbd2 {(00:30)} Be6 {(01:44)} 16. b3 {(
03:13)} Rfd8 {(02:09)} 17. Qe2 {(00:42)} Rd6 {(05:07)} 18.
Nf1 {(01:57)} c4 {(11:39)} 19. b4 {(00:31)} Nc6 {(
00:03)} 20. a4 Rad8 {(00:15)} 21. Ne3 {(04:08)} R6d7 {(10:
36)} 22. axb5 {(01:37)} axb5 {(00:01)} 23. Red1 {(02:03)}
Nd4 {(01:27)} 24. cxd4 {(20:42)} exd4 {(00:06)} 25. Nd5 {
(00:06)} Bxd5 {(00:45)} 26. exd5 {(00:19)} d3 {(00:
07)} 27. Bxd3 {(01:47)} cxd3 {(00:11)} 28. Qxd3 {(00:09)}
Bxa1 {(00:33)} 29. Rxa1 {(00:22)} Rxd5 {(00:05)} 30. Qe2 {
(02:09)} Qf4 {(00:41)} 31. Rb1 {(01:03)} g6 {(01:
30)} 32. g3 {(00:52)} Qf5 {(00:29)} 33. Re1 {(01:13)} Qxh3
{(00:17)} 34. Qe7 {(03:10)} Rd1 {(07:40)} 35. Qe2 {
(01:03)} Qd7 {(01:47)} 36. Kh2 {(00:57)} Rxe1 {(00:
23)} 37. Qxe1 {(00:06)} Re8 {(01:40)} 38. Qc3 {(00:42)}
Qd5 {(01:34)} 39. Kg2 {(01:35)} Re4 {(04:26)} 40. Qc8+ {
(00:00)} Kh7 {(00:00)} 41. Qf8 {(02:34)} Rc4 {(01:
15)} 42. Qe7 {(00:32)} Rc3 {(00:20)} 43. Qf6 {(00:18)} Rb3
{(02:00)} 44. g4 {(01:06)} Rxb4 {(00:44)} 45. Kg3 {
(00:23)} Rb3 {(00:06)} 0-1

[Event "42nd Olympiad Baku 2016 Open"]
[Site "Baku"]
[Date "2016.09.03"]
[Round "2.27"]
[White "Mohannad, Farhan"]
[Black "Sikivou, Taione"]
[Result "1-0"]
[ECO "D11"]
[WhiteElo "2294"]
[BlackElo "1812"]
[Annotator ""]
[PlyCount "61"]
[EventDate "2016.??.??"]
[EventCountry "AZE"]
[SourceTitle "playchess.com"]
[Source "ChessBase"]
[WhiteTeam "Jordan"]
[BlackTeam "Fiji"]
[WhiteTeamCountry "JOR"]
[BlackTeamCountry "FIJ"]
[TimeControl "40/5400+30:1800+30"]

1. d4 {(00:00)} d5 {(00:00)} 2. c4 {(00:00)} c6 {(
00:00)} 3. Nf3 {(00:00)} Nf6 {(00:00)} 4. Qb3 {(00:06)}
Qb6 {(05:03)} 5. Nc3 {(00:34)} dxc4 {(05:54)} 6. Qxc4 {
(00:18)} Bf5 {(00:46)} 7. Ne5 {(04:50)} e6 {(00:34]
} 8. f3 {(00:26)} Be7 {(07:08)} 9. e4 {(06:03)} Bg6 {
(00:25)} 10. Be3 {(03:38)} Nbd7 {(02:34)} 11. Nxd7 {
(02:17)} Nxd7 {(00:02)} 12. O-O-O {(00:36)} e5 {(
15:27)} 13. f4 {(11:33)} f6 {(04:05)} 14. Qe6 {(10:11)}
Qc7 {(14:58)} 15. fxe5 {(09:50)} Bf7 {(03:05)} 16. Qg4 {
(00:48)} fxe5 {(00:50)} 17. Be2 {(13:35)} Rd8 {(06:
48)} 18. Qxg7 {(06:38)} Bf6 {(01:49)} 19. Qg3 {(01:35)}
Rg8 {(07:02)} 20. Qf2 {(00:27)} Qa5 {(13:54)} 21. Kb1 {
(06:22)} exd4 {(02:28)} 22. Bxd4 {(00:17)} Bxd4 {(
00:20)} 23. Rxd4 {(01:38)} Ne5 {(01:31)} 24. Rxd8+ {(00:
41)} Qxd8 {(00:32)} 25. Qf5 {(06:10)} Rg5 {(02:59)} 26.
Qxh7 {(00:27)} Qc7 {(01:15)} 27. Qh8+ {(01:10)} Rg8 {
(00:25)} 28. Qh3 {(00:08)} b5 {(00:33)} 29. Bh5 {(
01:14)} Rf8 {(02:10)} 30. Rd1 {(02:40)} b4 {(00:49)} 31.
Qe6+ {(00:17)} 1-0

[Event "42nd Olympiad Baku 2016 Open"]
[Site "Baku"]
[Date "2016.09.03"]
[Round "2.8"]
[White "Joang Molapo"]
[Black "Rakotomaharo, Tahina Hajanirina"]
[Result "0-1"]
[ECO "A41"]
[WhiteElo "1685"]
[BlackElo "2060"]
[Annotator ""]
[PlyCount "118"]
[EventDate "2016.??.??"]
[EventCountry "AZE"]
[SourceTitle "playchess.com"]
[Source "ChessBase"]
[WhiteTeam "Lesotho"]
[BlackTeam "Madagascar"]
[WhiteTeamCountry "LES"]
[BlackTeamCountry "MAD"]
[TimeControl "40/5400+30:1800+30"]

1. d4 {(00:00)} d6 {(00:04)} 2. c4 {(00:18)} e5 {(
00:14)} 3. dxe5 {(01:12)} dxe5 {(00:12)} 4. Qxd8+ {(00:13]
} Kxd8 {(00:13)} 5. Nf3 {(00:09)} f6 {(00:18)} 6. Nc3 c6 {
(00:14)} 7. g3 {(03:02)} Be6 {(01:01)} 8. b3 {(02:
11)} Bb4 {(00:36)} 9. Bd2 {(00:49)} Nd7 {(01:06)} 10. Bg2
{(00:28)} Ne7 {(01:20)} 11. O-O {(00:56)} a5 {(01:
37)} 12. Rfd1 {(01:45)} Kc7 {(00:21)} 13. Ne4 {(10:52)}
Bxd2 {(00:18)} 14. Rxd2 {(00:30)} a4 {(02:10)} 15. Rad1 {
(02:03)} Rhd8 {(06:07)} 16. Rd6 {(02:04)} Nf8 {(05:
02)} 17. Rxd8 {(01:48)} Rxd8 {(00:11)} 18. Rxd8 {(00:10)}
Kxd8 {(00:09)} 19. Nc5 {(00:27)} axb3 {(00:24)} 20. axb3 {
(00:35)} Bc8 {(01:39)} 21. Nd2 {(01:33)} Ne6 {(02:
12)} 22. Nxe6+ {(01:34)} Bxe6 {(00:09)} 23. Ne4 {(00:24)}
Kc7 {(01:06)} 24. Nc5 {(00:50)} Bc8 {(01:53)} 25. e4 {
(07:14)} b6 {(00:43)} 26. Nd3 {(00:24)} Kd6 {(01:
46)} 27. Kf1 c5 {(26:41)} 28. Ke2 {(06:28)} Nc6 {(00:58)}
29. Nc1 {(01:05)} Nd4+ {(01:05)} 30. Kd3 {(00:36)} Bg4 {
(11:57)} 31. h3 {(06:49)} Bd1 {(01:54)} 32. Kc3 {(
03:14)} Ke7 {(09:49)} 33. b4 {(03:04)} Ne2+ {(13:29)} 34.
Nxe2 {(01:16)} Bxe2 {(00:08)} 35. bxc5 {(02:55)} bxc5 {
(00:14)} 36. f4 {(02:34)} g5 {(00:40)} 37. fxe5 {(
07:50)} fxe5 {(00:19)} 38. Kb3 {(00:08)} h5 {(00:28)} 39.
Kc3 {(06:15)} Kd6 {(01:30)} 40. Kb3 {(00:00)} Kc6 {
(00:00)} 41. Kc3 {(17:14)} Kb6 {(00:27)} 42. Kd2 {(
03:05)} Bxc4 {(00:29)} 43. Bf3 {(00:08)} h4 {(00:44)} 44.
gxh4 {(00:16)} gxh4 {(00:13)} 45. Bg4 {(00:31)} Ka5 {
(04:33)} 46. Kc3 {(00:26)} Bf1 {(00:40)} 47. Bd7 c4 48.
Be6 {(14:38)} Kb5 {(00:55)} 49. Bd7+ {(02:15)} Kc5 {
(00:22)} 50. Be6 {(00:17)} Bg2 {(04:28)} 51. Bf5 {(
00:33)} Bf1 {(00:18)} 52. Be6 Kd6 53. Bf5 {(03:16)} Ke7 {(
01:01)} 54. Bc8 {(06:07)} Kf6 {(00:39)} 55. Bd7 Kg5 56. Be6 {
(03:27)} Kf4 {(00:15)} 57. Bf5 {(02:59)} Bd3 {(00:
27)} 58. Be6 {(08:11)} Kxe4 {(00:32)} 59. Kd2 {(01:27)}
Kd4 {(00:56)} 0-1

[Event "42nd Olympiad Baku 2016 Open"]
[Site "Baku"]
[Date "2016.09.03"]
[Round "2.28"]
[White "Moncur, Cecil"]
[Black "Ross, Chris N"]
[Result "1-0"]
[ECO "A69"]
[WhiteElo "1869"]
[BlackElo "2209"]
[Annotator ""]
[PlyCount "59"]
[EventDate "2016.??.??"]
[EventCountry "AZE"]
[SourceTitle "playchess.com"]
[Source "ChessBase"]
[WhiteTeam "Bahamas"]
[BlackTeam "IBCA"]
[WhiteTeamCountry "BAH"]
[BlackTeamCountry "ENG"]
[TimeControl "40/5400+30:1800+30"]

1. d4 Nf6 2. c4 g6 3. Nc3 Bg7 4. e4 d6 5. f4 O-O 6. Nf3 c5 7. d5 e6 8. Be2 exd5
9. cxd5 Re8 10. e5 dxe5 11. fxe5 Ng4 12. Bg5 Qb6 13. O-O Nxe5 14. d6 Nxf3+ 15.
Bxf3 Bd4+ 16. Kh1 Qxd6 17. Bd5 Be6 18. Bxb7 Nd7 19. Bxa8 Rxa8 20. Nb5 Qb6 21.
Nxd4 cxd4 22. Qf3 Re8 23. b3 a5 24. Bh6 Qd6 25. Rad1 Bf5 26. Qf4 Qxf4 27. Rxf4
Bc2 28. Rdf1 d3 29. Rxf7 Ne5 30. Rf8+ 1-0

[Event "42nd Olympiad Baku 2016 Open"]
[Site "Baku"]
[Date "2016.09.03"]
[Round "2.34"]
[White "Mongiello, Anthony"]
[Black "Silva, David"]
[Result "0-1"]
[ECO "A48"]
[WhiteElo "1576"]
[BlackElo "2276"]
[Annotator ""]
[PlyCount "86"]
[EventDate "2016.??.??"]
[EventCountry "AZE"]
[SourceTitle "playchess.com"]
[Source "ChessBase"]
[WhiteTeam "U.S. Virgin Islands"]
[BlackTeam "Angola"]
[WhiteTeamCountry "ISV"]
[BlackTeamCountry "ANG"]
[TimeControl "40/5400+30:1800+30"]

1. d4 {(00:00)} Nf6 {(00:00)} 2. Nf3 {(00:00)} g6 {
(00:05)} 3. Nc3 {(00:28)} d5 {(01:10)} 4. Bf4 {(00:
49)} Bg7 {(00:04)} 5. e3 {(02:21)} O-O {(00:08)} 6. Bd3 {
(01:07)} c5 {(00:52)} 7. Be2 {(00:46)} Nc6 {(02:21]
} 8. Ne5 {(07:12)} cxd4 {(00:51)} 9. exd4 {(06:55)} Qb6 {
(01:38)} 10. Nb5 {(14:22)} a6 {(02:23)} 11. Nd7 {(
13:02)} Qd8 {(01:28)} 12. Nxf8 {(04:35)} axb5 {(00:03)}
13. Nxg6 {(02:15)} hxg6 {(00:48)} 14. h4 {(03:56)} Qa5+ {
(00:28)} 15. Kf1 {(02:03)} Qb4 {(02:58)} 16. c3 {(
09:20)} Qxb2 {(00:09)} 17. h5 {(02:20)} Ne4 {(05:23)} 18.
Qc1 {(04:02)} Qxc1+ {(01:17)} 19. Rxc1 {(00:07)} g5 {
(01:36)} 20. Be3 {(02:25)} f5 {(02:08)} 21. g3 {(
01:57)} Rxa2 {(00:04)} 22. Ke1 {(04:01)} Be6 {(00:23)} 23.
Rg1 {(02:05)} b4 {(02:02)} 24. cxb4 {(05:14)} Nxb4 25. Bd1
{(02:08)} Nd3+ {(02:58)} 26. Kf1 {(01:05)} f4 {(00:
05)} 27. Rc2 {(01:45)} f3 {(01:28)} 28. Rxa2 {(00:44)}
Bh3+ {(00:03)} 29. Rg2 {(00:53)} fxg2+ {(02:21)} 30. Kg1 {
(00:26)} Nc3 {(00:05)} 31. Ra8+ {(01:41)} Kf7 {(01:
01)} 32. Ra1 {(02:12)} Ne1 {(03:25)} 33. Bd2 {(01:17)}
Nxd1 {(00:25)} 34. Bxe1 {(00:27)} Nb2 {(00:08)} 35. Bc3 {
(00:55)} Nc4 {(00:23)} 36. Kh2 {(00:14)} g4 {(00:
31)} 37. Ra7 {(01:20)} Nd6 {(00:19)} 38. Ra5 {(00:46)} Ne4
{(00:18)} 39. Bb4 {(00:51)} Ng5 {(00:09)} 40. Ra3 {
(00:00)} Bxd4 {(00:00)} 41. Be1 {(01:15)} e5 {(00:
14)} 42. Rb3 {(01:21)} b5 {(00:04)} 43. Bd2 {(00:55)} Bxf2
0-1

[Event "42nd Olympiad Baku 2016 Open"]
[Site "Baku"]
[Date "2016.09.03"]
[Round "2.16"]
[White "Morris, Charles F"]
[Black "Hassan Abubaker abdalmalik Al"]
[Result "1/2-1/2"]
[ECO "A20"]
[WhiteElo "2127"]
[BlackElo "2167"]
[Annotator ""]
[PlyCount "142"]
[EventDate "2016.??.??"]
[EventCountry "AZE"]
[SourceTitle "playchess.com"]
[Source "ChessBase"]
[WhiteTeam "Wales"]
[BlackTeam "Sudan"]
[WhiteTeamCountry "WLS"]
[BlackTeamCountry "SUD"]
[TimeControl "40/5400+30:1800+30"]

1. c4 {(00:00)} e5 {(00:00)} 2. g3 {(00:00)} Nf6 {(
00:18)} 3. Bg2 {(00:00)} d5 {(00:22)} 4. cxd5 {(00:03)}
Nxd5 {(00:12)} 5. Nc3 {(00:13)} Nb6 {(00:21)} 6. Nf3 {
(01:24)} Nc6 {(00:10)} 7. a3 {(03:13)} Be7 {(00:19]
} 8. b4 {(00:43)} Be6 {(01:28)} 9. Rb1 {(09:07)} f6 {
(02:30)} 10. O-O {(04:14)} O-O {(02:08)} 11. Re1 {(
07:04)} Re8 {(01:34)} 12. d3 {(02:34)} Nd5 {(05:23)} 13.
Bb2 {(03:08)} Qd7 {(03:32)} 14. Nd2 {(07:41)} a5 {(
02:38)} 15. b5 {(12:36)} Nd8 {(02:10)} 16. Nxd5 {(07:11)}
Bxd5 {(00:29)} 17. Bxd5+ {(00:16)} Qxd5 {(00:17)} 18. Qb3
{(00:02)} Qxb3 {(01:09)} 19. Nxb3 {(00:03)} a4 {(
00:35)} 20. Nd2 {(00:20)} Ne6 {(01:01)} 21. Nc4 {(01:22)}
b6 {(03:20)} 22. Bc3 {(01:26)} Red8 {(03:15)} 23. Red1 {
(06:19)} Kf7 {(03:35)} 24. Kf1 {(01:03)} Nc5 {(09:
03)} 25. Bb4 {(05:42)} Nb3 {(01:01)} 26. Bxe7 {(01:36)}
Kxe7 {(02:41)} 27. Nd2 {(00:03)} Nc5 {(03:36)} 28. Rdc1 {
(04:02)} Rd7 {(01:01)} 29. Rc4 {(01:45)} Rad8 {(01:
15)} 30. Rbb4 {(01:34)} f5 {(04:17)} 31. f4 {(02:37)} e4 {
(01:56)} 32. d4 {(00:32)} Rd5 {(10:34)} 33. dxc5 {(
07:44)} Rxd2 {(03:02)} 34. cxb6 {(01:12)} cxb6 {(00:29)}
35. Rxa4 {(00:07)} R8d7 {(05:09)} 36. Rc6 {(01:21)} R2d6 {
(01:25)} 37. Rac4 {(01:40)} Rxc6 {(07:30)} 38. Rxc6 {
(00:06)} Rd6 {(00:12)} 39. Rc4 {(00:09)} Ke6 {(00:
36)} 40. Kf2 {(00:00)} Kd5 {(00:00)} 41. Rc1 {(01:41)} Rh6
{(07:29)} 42. h4 {(00:30)} Kd4 {(00:59)} 43. e3+ {(
00:42)} Kd5 {(04:32)} 44. Rc7 {(00:32)} Rg6 {(02:43)} 45.
a4 {(02:06)} Kd6 {(02:57)} 46. Rc3 {(05:50)} Kd5 {(
00:47)} 47. Rc7 {(03:59)} Kd6 {(00:39)} 48. Rf7 {(00:04)}
Ke6 {(02:12)} 49. Ra7 {(01:53)} Kd5 {(02:48)} 50. a5 {
(00:05)} Kc4 {(06:43)} 51. axb6 {(01:32)} Rxb6 {(
01:06)} 52. Rxg7 {(00:23)} Rxb5 {(00:19)} 53. Rc7+ {(08:
19)} Kd3 {(00:14)} 54. Rd7+ {(00:06)} Kc3 {(00:55)} 55. g4
{(02:07)} Rb2+ {(03:06)} 56. Kg3 {(00:08)} Re2 {(
00:13)} 57. gxf5 {(00:06)} h5 {(00:35)} 58. Rd1 {(09:36)}
Rxe3+ {(00:40)} 59. Kg2 {(00:03)} Rf3 {(03:03)} 60. f6 {
(01:56)} Rxf4 {(07:12)} 61. Rf1 {(00:05)} Rxf1 {(
00:22)} 62. Kxf1 {(00:08)} Kd2 {(00:13)} 63. f7 {(00:17)}
e3 {(00:03)} 64. f8=Q {(00:15)} e2+ {(00:17)} 65. Kg2 {
(00:27)} e1=Q {(00:23)} 66. Qb4+ {(00:47)} Ke2 {(
00:15)} 67. Qxe1+ {(00:14)} Kxe1 {(00:14)} 68. Kf3 {(00:
05)} Kd2 {(00:17)} 69. Kf4 {(03:52)} Kd3 {(00:23)} 70. Kg5
{(00:56)} Ke4 {(00:18)} 71. Kxh5 {(00:05)} Kf5 {(
00:16)} 1/2-1/2